Spitfire vs Little Stars

Created - 9 janvier 2013 at 23:17

Goals
1 2 3 OT1 T
Spitfire 1 0 2 1 4
Little Stars 0 2 1 0 3
Shots
1 2 3 OT1 T
Spitfire 13 11 7 2 33
Little Stars 8 15 5 0 28

1st period

1. Spitfire , David Krejci 8 (Ryan Callahan, Eric Fehr) at 19:32 (PP)

Penalties :
David Krejci (Val) for Hooking (Minor) at 12:49, Yanick Lehoux (Tex) for Holding (Minor) at 18:10

2nd period

2. Little Stars , Krys Kolanos 9 (Brad Isbister, Hugh Jessiman) at 2:57 (PP)
3. Little Stars , Tim Ramholt 2 (Boris Valabik, Patrick O'Sullivan) at 14:33 (PP)

Penalties :
Mathieu Roy (Val) for Interference (Minor) at 2:43, Denis Shvidki (Val) for Slashing (Minor) at 13:21, David Krejci (Val) for Tripping (Minor) at 17:38

3rd period

4. Little Stars , Steve MacIntyre 4 (Nathan Gerbe, Brad Isbister) at 1:44
5. Spitfire , Eric Fehr 15 (Matt Walker, Derick Brassard) at 7:57 (PP)
6. Spitfire , Kris Beech 5 (Ryan Callahan, Paul Bissonnette) at 19:58

Penalties :
Keaton Ellerby (Val) for Holding Stick (Minor) at 5:26, Matt Halischuk (Tex) for Spearing (Major / Game Misconduct) at 6:41

Overtime #1

7. Spitfire , Eric Fehr 16 (Kevin Klein, Dick Tarnstrom) at 0:12

Penalties :
No Penalty

Goalie Stats

Marc Denis (Val), 25 saves from 28 shots - (0,893), W, 12-5-1, 59:48 minutes
Alex Auld (Tex), 29 saves from 33 shots - (0,879), OTL, 5-7-2, 60:12 minutes

Players Stats for Spitfire

Player Name              G  A  P  +/- PIM S  H  SB GA TA FO     MP     PP MP  PK MP  
------------------------------------------------------------------------------------
Brad Staubitz            0  0  0   0  0   0  0  0  0  0  0/0     1:23   0:26   0:00 
Danny Syvret             0  0  0   0  0   0  0  1  0  1  0/0    12:02   0:00   0:00 
David Krejci             1  0  1   0  4   2  1  1  0  0  14/24  17:00   2:22   0:00 
Denis Shvidki            0  0  0   0  2   1  2  1  0  0  0/0     9:02   0:00   1:21 
Derick Brassard          0  1  1   1  0   1  0  0  0  2  11/15  17:30   2:36   0:00 
Devin Didiomete          0  0  0   0  0   0  0  0  0  0  0/0     0:00   0:00   0:00 
Dick Tarnstrom           0  1  1   1  0   2  0  4  2  1  0/0    25:54   2:47   4:15 
Eric Fehr                2  1  3   1  0   6  3  1  0  0  2/3    19:14   2:36   1:44 
Erik Condra              0  0  0   0  0   0  0  0  0  0  0/0     0:00   0:00   0:00 
Keaton Ellerby           0  0  0   0  2   0  1  1  0  0  0/0    12:34   0:32   0:00 
Kevin Klein              0  1  1   1  0   0  3  3  1  2  0/0    27:56   2:47   4:15 
Kris Beech               1  0  1   0  0   6  3  3  0  1  2/4    11:47   0:39   0:00 
Marc-Antoine Pouliot     0  0  0   0  0   2  0  0  0  0  0/1     8:48   0:00   0:46 
Martin Samuelsson        0  0  0   0  0   1  1  0  0  1  1/3    21:02   2:24   4:32 
Mathieu Roy              0  0  0   0  2   1  2  0  0  0  0/0    19:34   2:50   2:24 
Matt Walker              0  1  1   0  0   0  1  2  0  0  0/0    21:37   2:50   2:24 
Paul Bissonnette         0  1  1   1  0   0  0  0  0  0  0/0     9:09   0:03   0:23 
Ryan Callahan            0  2  2   1  0   5  2  1  1  0  0/0    17:33   2:24   0:00 
Sergei Kostitsyn         0  0  0   0  0   4  0  0  0  0  0/0    16:31   2:12   0:00 
Shean Donovan            0  0  0  -1  0   2  2  0  0  0  7/10   14:04   0:00   4:32 
Tim Kennedy              0  0  0  -1  0   0  0  0  0  0  0/0    10:40   0:37   0:00 

Players Stats for Little Stars

Player Name              G  A  P  +/- PIM S  H  SB GA TA FO     MP     PP MP  PK MP  
------------------------------------------------------------------------------------
Alexander Vasyunov       0  0  0   0  0   0  0  0  0  0  0/0     0:00   0:00   0:00 
Boris Valabik            0  1  1  -2  0   0  4  2  0  1  0/0    25:26   4:06   2:55 
Brad Isbister            0  2  2  -2  0   2  2  2  1  0  2/8    26:57   3:31   2:52 
Clay Wilson              0  0  0   0  0   0  0  1  1  0  0/0    19:19   2:33   2:11 
Cody Bass                0  0  0   0  0   0  0  0  0  0  0/0     2:13   0:00   0:43 
Greg Stewart             0  0  0   0  0   0  1  0  0  0  0/0     8:51   0:00   2:05 
Hugh Jessiman            0  1  1  -1  0   1  2  0  0  0  1/1    18:57   3:37   0:00 
Jim O'Brien              0  0  0   0  0   0  0  0  0  0  0/0     0:00   0:00   0:00 
Jonathan Blum            0  0  0   1  0   3  0  0  0  0  0/0    11:08   0:00   0:31 
Jordan Bendfeld          0  0  0   0  0   0  0  0  0  0  0/0     6:18   0:00   0:31 
Kaspars Daugavins        0  0  0   0  0   0  0  0  0  0  0/0     0:00   0:00   0:00 
Krys Kolanos             1  0  1  -1  0   5  3  0  1  1  10/28  17:40   3:37   0:00 
Matt Halischuk           0  0  0   0  15  0  1  0  0  0  0/1    16:09   2:58   0:00 
Matt Pelech              0  0  0   1  0   0  0  0  0  0  0/0    10:37   0:00   0:00 
Nathan Gerbe             0  1  1   1  0   1  0  1  0  0  2/3    11:15   0:12   0:00 
Oskar Osala              0  0  0   0  0   0  0  0  0  0  0/0     0:00   0:00   0:00 
Patrick O'Sullivan       0  1  1   0  0   3  0  0  1  0  6/16   18:27   2:59   0:00 
Paul Postma              0  0  0   0  0   0  0  0  0  0  0/0     5:47   0:00   0:00 
Riley Nash               0  0  0   0  0   0  0  0  0  0  0/0     0:00   0:00   0:00 
Steve MacIntyre          1  0  1   1  0   4  5  1  0  0  0/0    11:12   0:00   1:18 
Steve Regier             0  0  0  -1  0   5  2  0  4  0  1/1    21:42   2:59   2:46 
Tim Ramholt              1  0  1  -2  0   2  1  1  0  1  0/0    24:29   4:06   2:55 
Troy Bodie               0  0  0   1  0   0  1  0  0  0  0/1    12:19   0:00   1:30 
Tyler Eckford            0  0  0   0  0   2  1  0  0  1  0/0    18:48   2:33   2:11 
Yanick Lehoux            0  0  0   0  2   0  1  0  0  0  1/1     6:51   0:03   0:00 

3 Stars

1 - Eric Fehr (Val)
2 - Steve MacIntyre (Tex)
3 - Ryan Callahan (Val)

Power Play

Spitfire - 2 on 2 Attempt(s) - 100,00%
Little Stars - 2 on 5 Attempt(s) - 40,00%

Penalty Kill

Spitfire - 3 on 5 Attempt(s) - 60,00% - Score 0 goal in Penalty Kill
Little Stars - 0 on 2 Attempt(s) - 0,00% - Score 0 goal in Penalty Kill

Official

Referees : Pollock Kevin and StPierre Justin
Linesman : Pierre Racicot and Andy McElman

Game Notes

Matt Halischuk ejected from game at 6:41 of 3rd period
Matt Halischuk from Little Stars is suspended for 4 game(s)

Spitfire

5 vs 5 Forward 
   Center                   Left Wing                Right Wing               Time % Phy DF OF 
 1 David Krejci             Martin Samuelsson        Ryan Callahan            35     1   2  2  
 2 Derick Brassard          Sergei Kostitsyn         Eric Fehr                35     1   2  2  
 3 Kris Beech               Tim Kennedy              Shean Donovan            20     1   2  2  
 4 Marc-Antoine Pouliot     Paul Bissonnette         Denis Shvidki            10     1   2  2  

5 vs 5 Defense 
   Defense                  Defense                                           Time % Phy DF OF 
 1 Dick Tarnstrom           Kevin Klein                                       40     1   2  2  
 2 Matt Walker              Mathieu Roy                                       30     1   2  2  
 3 Keaton Ellerby           Danny Syvret                                      20     1   2  2  
 4 Kevin Klein              Matt Walker                                       10     1   2  2  

PowerPlay Forward 
   Center                   Left Wing                Right Wing               Time % Phy DF OF 
 1 David Krejci             Martin Samuelsson        Ryan Callahan            50     1   2  2  
 2 Derick Brassard          Sergei Kostitsyn         Eric Fehr                50     1   2  2  

PowerPlay Defense
   Defense                  Defense                                           Time % Phy DF OF 
 1 Dick Tarnstrom           Kevin Klein                                       60     1   2  2  
 2 Matt Walker              Mathieu Roy                                       40     1   2  2  

Penalty Kill 4 Players Forward 
   Center                   Wing                     Time % Phy DF OF 
 1 Shean Donovan            Martin Samuelsson        60     1   2  2  
 2 Eric Fehr                Denis Shvidki            40     1   2  2  

Penalty Kill 4 Players Defense
   Defense                  Defense                  Time % Phy DF OF 
 1 Dick Tarnstrom           Kevin Klein              60     1   2  2  
 2 Matt Walker              Mathieu Roy              40     1   2  2  

Penalty Kill - 3 Players Forward 
   Forward                                           Time % Phy DF OF 
 1 Shean Donovan                                     60     1   2  2  
 2 Martin Samuelsson                                 40     1   2  2  

Penalty Kill - 3 Players Defense
   Defense                  Defense                  Time % Phy DF OF 
 1 Dick Tarnstrom           Kevin Klein              60     1   2  2  
 2 Matt Walker              Mathieu Roy              40     1   2  2  

4 vs 4 Forward 
   Center                   Wing                     Time % Phy DF OF 
 1 David Krejci             Ryan Callahan            50     1   2  2  
 2 Derick Brassard          Eric Fehr                50     1   2  2  

4 vs 4 Defense
   Defense                  Defense                  Time % Phy DF OF 
 1 Dick Tarnstrom           Kevin Klein              60     1   2  2  
 2 Matt Walker              Mathieu Roy              40     1   2  2  

Last Minutes Offensive
   Center                   Left Wing                Right Wing               Defense                  Defense                  
   David Krejci             Martin Samuelsson        Ryan Callahan            Dick Tarnstrom           Kevin Klein              

Last Minutes Defensive
   Center                   Left Wing                Right Wing               Defense                  Defense                  
   David Krejci             Martin Samuelsson        Ryan Callahan            Dick Tarnstrom           Kevin Klein              

Goaltenders
Starting : Marc Denis               
Backup : Yann Danis               

Extra Forwards
Normal : Kris Beech, Tim Kennedy, Marc-Antoine Pouliot - PP : Kris Beech, Tim Kennedy - PK : Marc-Antoine Pouliot
Extra Defensemen
Normal : Keaton Ellerby, Mathieu Roy, Dick Tarnstrom - PP : Keaton Ellerby - PK : Mathieu Roy, Dick Tarnstrom
Penalty Shots
Ryan Callahan, Martin Samuelsson, Eric Fehr, Denis Shvidki, David Krejci

Little Stars

5 vs 5 Forward 
   Center                   Left Wing                Right Wing               Time % Phy DF OF 
 1 Krys Kolanos             Brad Isbister            Hugh Jessiman            40     1   2  2  
 2 Patrick O'Sullivan       Steve Regier             Matt Halischuk           30     1   2  2  
 3 Nathan Gerbe             Steve MacIntyre          Troy Bodie               20     1   2  2  
 4 Yanick Lehoux            Greg Stewart             Brad Isbister            10     1   2  2  

5 vs 5 Defense 
   Defense                  Defense                                           Time % Phy DF OF 
 1 Tim Ramholt              Boris Valabik                                     40     1   2  2  
 2 Clay Wilson              Tyler Eckford                                     30     1   2  2  
 3 Matt Pelech              Jonathan Blum                                     20     1   2  2  
 4 Jordan Bendfeld          Paul Postma                                       10     1   2  2  

PowerPlay Forward 
   Center                   Left Wing                Right Wing               Time % Phy DF OF 
 1 Krys Kolanos             Brad Isbister            Hugh Jessiman            60     1   2  2  
 2 Patrick O'Sullivan       Steve Regier             Matt Halischuk           40     1   2  2  

PowerPlay Defense
   Defense                  Defense                                           Time % Phy DF OF 
 1 Tim Ramholt              Boris Valabik                                     60     1   2  2  
 2 Clay Wilson              Tyler Eckford                                     40     1   2  2  

Penalty Kill 4 Players Forward 
   Center                   Wing                     Time % Phy DF OF 
 1 Brad Isbister            Steve Regier             60     1   2  2  
 2 Steve MacIntyre          Greg Stewart             40     1   2  2  

Penalty Kill 4 Players Defense
   Defense                  Defense                  Time % Phy DF OF 
 1 Tim Ramholt              Boris Valabik            60     1   2  2  
 2 Clay Wilson              Tyler Eckford            40     1   2  2  

Penalty Kill - 3 Players Forward 
   Forward                                           Time % Phy DF OF 
 1 Brad Isbister                                     60     1   2  2  
 2 Steve Regier                                      40     1   2  2  

Penalty Kill - 3 Players Defense
   Defense                  Defense                  Time % Phy DF OF 
 1 Tim Ramholt              Boris Valabik            60     1   2  2  
 2 Clay Wilson              Tyler Eckford            40     1   2  2  

4 vs 4 Forward 
   Center                   Wing                     Time % Phy DF OF 
 1 Brad Isbister            Steve Regier             60     1   2  2  
 2 Steve MacIntyre          Greg Stewart             40     1   2  2  

4 vs 4 Defense
   Defense                  Defense                  Time % Phy DF OF 
 1 Tim Ramholt              Boris Valabik            60     1   2  2  
 2 Clay Wilson              Tyler Eckford            40     1   2  2  

Last Minutes Offensive
   Center                   Left Wing                Right Wing               Defense                  Defense                  
   Krys Kolanos             Brad Isbister            Hugh Jessiman            Tim Ramholt              Boris Valabik            

Last Minutes Defensive
   Center                   Left Wing                Right Wing               Defense                  Defense                  
   Krys Kolanos             Brad Isbister            Hugh Jessiman            Tim Ramholt              Boris Valabik            

Goaltenders
Starting : Alex Auld                
Backup : Philippe Sauvé           

Extra Forwards
Normal : Nathan Gerbe, Yanick Lehoux, Troy Bodie - PP : Nathan Gerbe, Yanick Lehoux - PK : Troy Bodie
Extra Defensemen
Normal : Matt Pelech, Jonathan Blum, Jordan Bendfeld - PP : Matt Pelech - PK : Jonathan Blum, Jordan Bendfeld
Penalty Shots
Brad Isbister, Steve Regier, Steve MacIntyre, Greg Stewart, Krys Kolanos

% Time on Ice - Spitfire

Lines # - Real PCT - Wanted PCT - Time Play
Normal Forward
1 - 30% - 35% - 13:37
2 - 33% - 35% - 15:20
3 - 21% - 20% - 9:25
4 - 16% - 10% - 7:25
Normal Defense
1 - 39% - 40% - 17:39
2 - 31% - 30% - 14:06
3 - 26% - 20% - 12:00
4 - 4% - 10% - 2:02
PP Forward
1 - 50% - 50% - 2:47
2 - 50% - 50% - 2:50
PP Defense
1 - 50% - 60% - 2:47
2 - 50% - 40% - 2:50
PK Forward
1 - 74% - 60% - 4:55
2 - 26% - 40% - 1:44
PK Defense
1 - 64% - 60% - 4:15
2 - 36% - 40% - 2:24
PK3 Forward
1 - 0% - 60%
2 - 0% - 40%
PK3 Defense
1 - 0% - 60%
2 - 0% - 40%
44 Forward
1 - 46% - 50% - 0:26
2 - 54% - 50% - 0:30
44 Defense
1 - 73% - 60% - 0:41
2 - 27% - 40% - 0:15
Last Minute Offensive  - 1:13
Last Minute Defensive  - 0:00
Total
Forward - 60:12
Defense - 60:12

% Time on Ice - Little Stars

Lines # - Real PCT - Wanted PCT - Time Play
Normal Forward
1 - 28% - 40% - 12:51
2 - 40% - 30% - 18:14
3 - 21% - 20% - 9:44
4 - 11% - 10% - 4:59
Normal Defense
1 - 35% - 40% - 16:03
2 - 30% - 30% - 13:57
3 - 22% - 20% - 10:01
4 - 13% - 10% - 5:47
PP Forward
1 - 55% - 60% - 3:40
2 - 45% - 40% - 2:59
PP Defense
1 - 62% - 60% - 4:06
2 - 38% - 40% - 2:33
PK Forward
1 - 87% - 60% - 4:53
2 - 13% - 40% - 0:44
PK Defense
1 - 61% - 60% - 3:26
2 - 39% - 40% - 2:11
PK3 Forward
1 - 0% - 60%
2 - 0% - 40%
PK3 Defense
1 - 0% - 60%
2 - 0% - 40%
44 Forward
1 - 88% - 60% - 0:49
2 - 13% - 40% - 0:07
44 Defense
1 - 88% - 60% - 0:49
2 - 13% - 40% - 0:07
Last Minute Offensive  - 0:00
Last Minute Defensive  - 1:12
Total
Forward - 60:12
Defense - 60:12

Play by Play

1st period


0:01 of 1st period - Krys Kolanos wins face-off versus David Krejci in neutral zone.
0:08 of 1st period - Slapshot by Krys Kolanos.
0:08 of 1st period - Shot Blocked by Ryan Callahan.
0:14 of 1st period - Tim Ramholt is hit by Kevin Klein and loses puck.
1:18 of 1st period - Off-side.
1:19 of 1st period - Krys Kolanos wins face-off versus David Krejci in neutral zone.
1:44 of 1st period - Matt Pelech is hit by Eric Fehr.
2:04 of 1st period - Snap shot by Shean Donovan.
2:04 of 1st period - Stopped by Alex Auld with a rebound.
2:10 of 1st period - Kevin Klein is hit by Steve MacIntyre and loses puck.
2:49 of 1st period - Snap shot by Martin Samuelsson.
2:49 of 1st period - Stopped by Alex Auld without a rebound.
2:50 of 1st period - Steve Regier wins face-off versus Derick Brassard in Little Stars zone.
3:34 of 1st period - Shean Donovan is hit by Tyler Eckford and loses puck.
3:41 of 1st period - Wrist shot by Nathan Gerbe.
3:41 of 1st period - Shot Blocked by Kris Beech.
3:43 of 1st period - Slapshot by Tyler Eckford.
3:43 of 1st period - Stopped by Marc Denis with a rebound.
3:45 of 1st period - Slapshot by Clay Wilson.
3:45 of 1st period - Deflect By Nathan Gerbe.
3:45 of 1st period - Stopped by Marc Denis without a rebound.
3:46 of 1st period - Derick Brassard wins face-off versus Krys Kolanos in Spitfire zone.
3:57 of 1st period - Slapshot by Eric Fehr.
3:57 of 1st period - Stopped by Alex Auld without a rebound.
3:58 of 1st period - David Krejci wins face-off versus Krys Kolanos in Little Stars zone.
4:01 of 1st period - Snap shot by Ryan Callahan.
4:01 of 1st period - Stopped by Alex Auld without a rebound.
4:02 of 1st period - David Krejci wins face-off versus Krys Kolanos in Little Stars zone.
4:30 of 1st period - Slapshot by Eric Fehr.
4:30 of 1st period - Shot Blocked by Boris Valabik.
5:10 of 1st period - Snap shot by Marc-Antoine Pouliot.
5:10 of 1st period - Stopped by Alex Auld without a rebound.
5:11 of 1st period - Yanick Lehoux wins face-off versus Marc-Antoine Pouliot in Little Stars zone.
5:11 of 1st period - Yanick Lehoux is hit by Keaton Ellerby.
5:19 of 1st period - Snap shot by Greg Stewart.
5:19 of 1st period - Deflect By Yanick Lehoux.
5:19 of 1st period - Shot Blocked by Denis Shvidki.
5:19 of 1st period - Puck is out of play.
5:20 of 1st period - Derick Brassard wins face-off versus Krys Kolanos in Spitfire zone.
5:35 of 1st period - Snap shot by Krys Kolanos.
5:35 of 1st period - Shot Blocked by Eric Fehr.
5:52 of 1st period - Wrist shot by Sergei Kostitsyn.
5:52 of 1st period - Shot Blocked by Nathan Gerbe.
6:49 of 1st period - Tim Ramholt is hit by Kevin Klein and loses puck.
7:26 of 1st period - Boris Valabik is hit by Kris Beech and loses puck.
7:47 of 1st period - Snap shot by Marc-Antoine Pouliot.
7:47 of 1st period - Stopped by Alex Auld with a rebound.
7:59 of 1st period - Snap shot by Eric Fehr.
7:59 of 1st period - Stopped by Alex Auld without a rebound.
8:00 of 1st period - Krys Kolanos wins face-off versus Derick Brassard in Little Stars zone.
8:09 of 1st period - Wrist shot by Brad Isbister.
8:09 of 1st period - Shot Misses the Net.
8:23 of 1st period - Eric Fehr is hit by Steve MacIntyre and loses puck.
8:41 of 1st period - Off-side.
8:42 of 1st period - Patrick O'Sullivan wins face-off versus David Krejci in neutral zone.
8:45 of 1st period - Wrist shot by Steve Regier.
8:45 of 1st period - Stopped by Marc Denis with a rebound.
8:53 of 1st period - Snap shot by Ryan Callahan.
8:53 of 1st period - Stopped by Alex Auld with a rebound.
9:07 of 1st period - Shean Donovan is hit by Brad Isbister and loses puck.
9:12 of 1st period - Wrist shot by Brad Isbister.
9:12 of 1st period - Shot Blocked by Dick Tarnstrom.
9:14 of 1st period - Slapshot by Jonathan Blum.
9:14 of 1st period - Stopped by Marc Denis without a rebound.
9:15 of 1st period - David Krejci wins face-off versus Krys Kolanos in Spitfire zone.
9:48 of 1st period - Wrist shot by Eric Fehr.
9:48 of 1st period - Shot Misses the Net.
10:42 of 1st period - Snap shot by Patrick O'Sullivan.
10:42 of 1st period - Stopped by Marc Denis with a rebound.
11:02 of 1st period - Snap shot by Steve MacIntyre.
11:02 of 1st period - Stopped by Marc Denis with a rebound.
11:04 of 1st period - Slapshot by Paul Postma.
11:04 of 1st period - Shot Misses the Net.
11:34 of 1st period - Wrist shot by Denis Shvidki.
11:34 of 1st period - Stopped by Alex Auld with a rebound.
11:52 of 1st period - Snap shot by Kris Beech.
11:52 of 1st period - Shot Misses the Net.
12:17 of 1st period - Snap shot by Brad Isbister.
12:17 of 1st period - Shot Blocked by Danny Syvret.
12:19 of 1st period - Snap shot by Yanick Lehoux.
12:19 of 1st period - Shot Misses the Net.
12:21 of 1st period - Wrist shot by Brad Isbister.
12:21 of 1st period - Shot Misses the Net.
12:23 of 1st period - Wrist shot by Brad Isbister.
12:23 of 1st period - Shot Blocked by Keaton Ellerby.
12:25 of 1st period - Slapshot by Tim Ramholt.
12:25 of 1st period - Stopped by Marc Denis without a rebound.
12:26 of 1st period - David Krejci wins face-off versus Patrick O'Sullivan in Spitfire zone.
12:49 of 1st period - Minor Penalty to David Krejci for Hooking.
12:50 of 1st period - Shean Donovan wins face-off versus Patrick O'Sullivan in Spitfire zone.
13:16 of 1st period - Dick Tarnstrom is hit by Krys Kolanos.
13:31 of 1st period - Off-side.
13:32 of 1st period - Patrick O'Sullivan wins face-off versus Eric Fehr in neutral zone.
13:41 of 1st period - Snap shot by Patrick O'Sullivan.
13:41 of 1st period - Shot Misses the Net.
13:43 of 1st period - Wrist shot by Steve Regier.
13:43 of 1st period - Stopped by Marc Denis without a rebound.
13:44 of 1st period - Hugh Jessiman wins face-off versus Shean Donovan in Spitfire zone.
14:13 of 1st period - Snap shot by Patrick O'Sullivan.
14:13 of 1st period - Shot Misses the Net.
14:15 of 1st period - Wrist shot by Steve Regier.
14:15 of 1st period - Deflect By Matt Halischuk.
14:15 of 1st period - Shot Misses the Net.
14:15 of 1st period - Puck is out of play.
14:16 of 1st period - Shean Donovan wins face-off versus Krys Kolanos in Spitfire zone.
14:49 of 1st period - Penalty to David Krejci is over, David Krejci is back on ice.
15:01 of 1st period - Icing by Derick Brassard.
15:02 of 1st period - Derick Brassard wins face-off versus Nathan Gerbe in Spitfire zone.
15:27 of 1st period - Krys Kolanos is hit by Mathieu Roy and loses puck.
16:16 of 1st period - Wrist shot by Nathan Gerbe.
16:16 of 1st period - Shot Blocked by Kevin Klein.
16:18 of 1st period - Wrist shot by Nathan Gerbe.
16:18 of 1st period - Shot Blocked by Kris Beech.
16:52 of 1st period - Slapshot by Dick Tarnstrom.
16:52 of 1st period - Stopped by Alex Auld without a rebound.
16:53 of 1st period - David Krejci wins face-off versus Krys Kolanos in Little Stars zone.
17:50 of 1st period - Wrist shot by Steve Regier.
17:50 of 1st period - Shot Misses the Net.
18:00 of 1st period - Keaton Ellerby is hit by Yanick Lehoux and loses puck.
18:10 of 1st period - Minor Penalty to Yanick Lehoux for Holding.
18:11 of 1st period - David Krejci wins face-off versus Brad Isbister in Little Stars zone.
18:36 of 1st period - Brad Isbister is hit by Eric Fehr and loses puck.
19:02 of 1st period - Icing by David Krejci.
19:03 of 1st period - David Krejci wins face-off versus Brad Isbister in Spitfire zone.
19:08 of 1st period - Wrist shot by Eric Fehr.
19:08 of 1st period - Shot Misses the Net.
19:10 of 1st period - Snap shot by Mathieu Roy.
19:10 of 1st period - Stopped by Alex Auld without a rebound.
19:11 of 1st period - Brad Isbister wins face-off versus Derick Brassard in Little Stars zone.
19:32 of 1st period - Wrist shot by David Krejci.
19:32 of 1st period - Goal by David Krejci - Spitfire : 1 - Little Stars : 0.
19:33 of 1st period - David Krejci wins face-off versus Krys Kolanos in neutral zone.
19:38 of 1st period - Snap shot by Ryan Callahan.
19:38 of 1st period - Stopped by Alex Auld without a rebound.
19:39 of 1st period - Krys Kolanos wins face-off versus David Krejci in Little Stars zone.

2nd period


0:01 of 2nd period - David Krejci wins face-off versus Krys Kolanos in neutral zone.
0:25 of 2nd period - Steve Regier is hit by Eric Fehr and loses puck.
0:47 of 2nd period - Wrist shot by Kris Beech.
0:47 of 2nd period - Stopped by Alex Auld with a rebound.
1:15 of 2nd period - Slapshot by Krys Kolanos.
1:15 of 2nd period - Shot Misses the Net.
1:43 of 2nd period - Slapshot by Patrick O'Sullivan.
1:43 of 2nd period - Stopped by Marc Denis with a rebound.
1:45 of 2nd period - Wrist shot by Patrick O'Sullivan.
1:45 of 2nd period - Shot Misses the Net.
1:47 of 2nd period - Wrist shot by Steve Regier.
1:47 of 2nd period - Stopped by Marc Denis without a rebound.
1:48 of 2nd period - Derick Brassard wins face-off versus Patrick O'Sullivan in Spitfire zone.
1:55 of 2nd period - Eric Fehr is hit by Steve Regier and loses puck.
2:10 of 2nd period - Wrist shot by Patrick O'Sullivan.
2:10 of 2nd period - Deflect By Steve Regier.
2:10 of 2nd period - Stopped by Marc Denis with a rebound.
2:12 of 2nd period - Slapshot by Matt Pelech.
2:12 of 2nd period - Shot Misses the Net.
2:40 of 2nd period - Snap shot by Steve Regier.
2:40 of 2nd period - Stopped by Marc Denis with a rebound.
2:42 of 2nd period - Slapshot by Jonathan Blum.
2:42 of 2nd period - Stopped by Marc Denis without a rebound.
2:43 of 2nd period - Krys Kolanos wins face-off versus Martin Samuelsson in Spitfire zone.
2:43 of 2nd period - Minor Penalty to Mathieu Roy for Interference.
2:44 of 2nd period - Shean Donovan wins face-off versus Krys Kolanos in Spitfire zone.
2:57 of 2nd period - Snap shot by Krys Kolanos.
2:57 of 2nd period - Goal by Krys Kolanos - Spitfire : 1 - Little Stars : 1.
2:58 of 2nd period - Krys Kolanos wins face-off versus David Krejci in neutral zone.
3:03 of 2nd period - Snap shot by Brad Isbister.
3:03 of 2nd period - Stopped by Marc Denis with a rebound.
3:05 of 2nd period - Snap shot by Brad Isbister.
3:05 of 2nd period - Shot Misses the Net.
3:07 of 2nd period - Slapshot by Tyler Eckford.
3:07 of 2nd period - Shot Blocked by Dick Tarnstrom.
3:09 of 2nd period - Slapshot by Tyler Eckford.
3:09 of 2nd period - Deflect By Brad Isbister.
3:09 of 2nd period - Shot Misses the Net.
3:09 of 2nd period - Puck is out of play.
3:10 of 2nd period - David Krejci wins face-off versus Brad Isbister in Spitfire zone.
3:15 of 2nd period - Kevin Klein is hit by Brad Isbister and loses puck.
3:20 of 2nd period - Wrist shot by Brad Isbister.
3:20 of 2nd period - Shot Blocked by Dick Tarnstrom.
4:16 of 2nd period - Brad Isbister is hit by Mathieu Roy and loses puck.
4:37 of 2nd period - Snap shot by Patrick O'Sullivan.
4:37 of 2nd period - Stopped by Marc Denis without a rebound.
4:38 of 2nd period - David Krejci wins face-off versus Patrick O'Sullivan in Spitfire zone.
4:38 of 2nd period - David Krejci is hit by Steve Regier.
5:05 of 2nd period - Dick Tarnstrom is hit by Krys Kolanos and loses puck.
5:24 of 2nd period - Tim Kennedy is hit by Steve MacIntyre and loses puck.
5:45 of 2nd period - Greg Stewart is hit by Matt Walker and loses puck.
6:04 of 2nd period - Denis Shvidki is hit by Matt Halischuk and loses puck.
6:45 of 2nd period - Snap shot by Shean Donovan.
6:45 of 2nd period - Stopped by Alex Auld without a rebound.
6:46 of 2nd period - Patrick O'Sullivan wins face-off versus David Krejci in Little Stars zone.
7:11 of 2nd period - Kevin Klein is hit by Boris Valabik.
7:12 of 2nd period - Icing by Kevin Klein.
7:13 of 2nd period - Derick Brassard wins face-off versus Krys Kolanos in Spitfire zone.
8:24 of 2nd period - Marc-Antoine Pouliot is hit by Greg Stewart and loses puck.
8:37 of 2nd period - Slapshot by David Krejci.
8:37 of 2nd period - Stopped by Alex Auld without a rebound.
8:38 of 2nd period - David Krejci wins face-off versus Patrick O'Sullivan in Little Stars zone.
9:11 of 2nd period - Wrist shot by Kris Beech.
9:11 of 2nd period - Stopped by Alex Auld with a rebound.
9:13 of 2nd period - Wrist shot by Kris Beech.
9:13 of 2nd period - Stopped by Alex Auld without a rebound.
9:14 of 2nd period - Krys Kolanos wins face-off versus David Krejci in Little Stars zone.
9:48 of 2nd period - Wrist shot by Krys Kolanos.
9:48 of 2nd period - Stopped by Marc Denis with a rebound.
10:22 of 2nd period - Snap shot by Brad Isbister.
10:22 of 2nd period - Shot Blocked by Kevin Klein.
10:24 of 2nd period - Wrist shot by Hugh Jessiman.
10:24 of 2nd period - Stopped by Marc Denis with a rebound.
10:26 of 2nd period - Wrist shot by Krys Kolanos.
10:26 of 2nd period - Stopped by Marc Denis with a rebound.
10:28 of 2nd period - Snap shot by Krys Kolanos.
10:28 of 2nd period - Stopped by Marc Denis with a rebound.
10:30 of 2nd period - Wrist shot by Brad Isbister.
10:30 of 2nd period - Stopped by Marc Denis without a rebound.
10:31 of 2nd period - Nathan Gerbe wins face-off versus Derick Brassard in Spitfire zone.
10:34 of 2nd period - Snap shot by Steve MacIntyre.
10:34 of 2nd period - Stopped by Marc Denis with a rebound.
11:07 of 2nd period - Slapshot by Mathieu Roy.
11:07 of 2nd period - Deflect By Ryan Callahan.
11:07 of 2nd period - Stopped by Alex Auld without a rebound.
11:08 of 2nd period - Patrick O'Sullivan wins face-off versus Martin Samuelsson in Little Stars zone.
11:21 of 2nd period - Backhand shot by Steve Regier.
11:21 of 2nd period - Shot Misses the Net.
11:23 of 2nd period - Slapshot by Steve Regier.
11:23 of 2nd period - Shot Misses the Net.
11:33 of 2nd period - Keaton Ellerby is hit by Steve MacIntyre and loses puck.
12:07 of 2nd period - Snap shot by Patrick O'Sullivan.
12:07 of 2nd period - Shot Blocked by Matt Walker.
12:09 of 2nd period - Slapshot by Clay Wilson.
12:09 of 2nd period - Shot Misses the Net.
12:11 of 2nd period - Slapshot by Jonathan Blum.
12:11 of 2nd period - Shot Blocked by Matt Walker.
12:27 of 2nd period - Wrist shot by Ryan Callahan.
12:27 of 2nd period - Shot Misses the Net.
12:29 of 2nd period - Snap shot by Martin Samuelsson.
12:29 of 2nd period - Shot Blocked by Brad Isbister.
13:21 of 2nd period - Minor Penalty to Denis Shvidki for Slashing.
13:22 of 2nd period - Shean Donovan wins face-off versus Matt Halischuk in Spitfire zone.
14:27 of 2nd period - Off-side.
14:28 of 2nd period - Patrick O'Sullivan wins face-off versus Shean Donovan in neutral zone.
14:31 of 2nd period - Slapshot by Boris Valabik.
14:31 of 2nd period - Shot Misses the Net.
14:33 of 2nd period - Slapshot by Tim Ramholt.
14:33 of 2nd period - Goal by Tim Ramholt - Spitfire : 1 - Little Stars : 2.
14:34 of 2nd period - David Krejci wins face-off versus Krys Kolanos in neutral zone.
14:37 of 2nd period - Brad Isbister is hit by Ryan Callahan.
15:40 of 2nd period - Brad Isbister is hit by Denis Shvidki and loses puck.
15:45 of 2nd period - Snap shot by Denis Shvidki.
15:45 of 2nd period - Deflect By Marc-Antoine Pouliot.
15:45 of 2nd period - Shot Misses the Net.
15:45 of 2nd period - Puck is out of play.
15:46 of 2nd period - Martin Samuelsson wins face-off versus Patrick O'Sullivan in Little Stars zone.
16:01 of 2nd period - Matt Walker is hit by Boris Valabik and loses puck.
16:22 of 2nd period - Wrist shot by Nathan Gerbe.
16:22 of 2nd period - Shot Misses the Net.
16:29 of 2nd period - Off-side.
16:30 of 2nd period - Derick Brassard wins face-off versus Krys Kolanos in neutral zone.
17:09 of 2nd period - Icing by Patrick O'Sullivan.
17:10 of 2nd period - Eric Fehr wins face-off versus Patrick O'Sullivan in Little Stars zone.
17:13 of 2nd period - Wrist shot by Derick Brassard.
17:13 of 2nd period - Shot Misses the Net.
17:15 of 2nd period - Backhand shot by Kevin Klein.
17:15 of 2nd period - Deflect By Sergei Kostitsyn.
17:15 of 2nd period - Stopped by Alex Auld with a rebound.
17:17 of 2nd period - Slapshot by Eric Fehr.
17:17 of 2nd period - Stopped by Alex Auld with a rebound.
17:19 of 2nd period - Snap shot by Sergei Kostitsyn.
17:19 of 2nd period - Stopped by Alex Auld with a rebound.
17:21 of 2nd period - Wrist shot by Derick Brassard.
17:21 of 2nd period - Deflect By Sergei Kostitsyn.
17:21 of 2nd period - Stopped by Alex Auld with a rebound.
17:23 of 2nd period - Snap shot by Eric Fehr.
17:23 of 2nd period - Stopped by Alex Auld with a rebound.
17:37 of 2nd period - Krys Kolanos is hit by Martin Samuelsson.
17:38 of 2nd period - Minor Penalty to David Krejci for Tripping.
17:39 of 2nd period - Shean Donovan wins face-off versus Krys Kolanos in Spitfire zone.
17:39 of 2nd period - Shean Donovan is hit by Hugh Jessiman.
19:36 of 2nd period - Icing by Tyler Eckford.
19:37 of 2nd period - Krys Kolanos wins face-off versus Shean Donovan in Little Stars zone.
19:38 of 2nd period - Penalty to David Krejci is over, David Krejci is back on ice.
19:50 of 2nd period - Snap shot by Mathieu Roy.
19:50 of 2nd period - Shot Blocked by Steve MacIntyre.

3rd period


0:01 of 3rd period - Krys Kolanos wins face-off versus David Krejci in neutral zone.
0:16 of 3rd period - Snap shot by David Krejci.
0:16 of 3rd period - Shot Misses the Net.
0:32 of 3rd period - Wrist shot by Derick Brassard.
0:32 of 3rd period - Stopped by Alex Auld without a rebound.
0:33 of 3rd period - Derick Brassard wins face-off versus Patrick O'Sullivan in Little Stars zone.
0:50 of 3rd period - Snap shot by Steve Regier.
0:50 of 3rd period - Shot Misses the Net.
1:44 of 3rd period - Slapshot by Steve MacIntyre.
1:44 of 3rd period - Goal by Steve MacIntyre - Spitfire : 1 - Little Stars : 3.
1:45 of 3rd period - Derick Brassard wins face-off versus Patrick O'Sullivan in neutral zone.
2:11 of 3rd period - Dick Tarnstrom is hit by Boris Valabik and loses puck.
2:19 of 3rd period - Slapshot by Tyler Eckford.
2:19 of 3rd period - Shot Blocked by David Krejci.
2:21 of 3rd period - Slapshot by Hugh Jessiman.
2:21 of 3rd period - Shot Blocked by Kevin Klein.
2:23 of 3rd period - Slapshot by Tyler Eckford.
2:23 of 3rd period - Stopped by Marc Denis without a rebound.
2:24 of 3rd period - Derick Brassard wins face-off versus Troy Bodie in Spitfire zone.
2:39 of 3rd period - Snap shot by Sergei Kostitsyn.
2:39 of 3rd period - Stopped by Alex Auld with a rebound.
2:49 of 3rd period - Mathieu Roy is hit by Hugh Jessiman and loses puck.
3:08 of 3rd period - Snap shot by Shean Donovan.
3:08 of 3rd period - Shot Blocked by Clay Wilson.
3:10 of 3rd period - Slapshot by Danny Syvret.
3:10 of 3rd period - Deflect By Kris Beech.
3:10 of 3rd period - Stopped by Alex Auld with a rebound.
4:07 of 3rd period - Icing by Boris Valabik.
4:08 of 3rd period - Patrick O'Sullivan wins face-off versus David Krejci in Little Stars zone.
5:01 of 3rd period - Snap shot by Steve MacIntyre.
5:01 of 3rd period - Stopped by Marc Denis with a rebound.
5:05 of 3rd period - Snap shot by Nathan Gerbe.
5:05 of 3rd period - Shot Misses the Net.
5:26 of 3rd period - Minor Penalty to Keaton Ellerby for Holding Stick.
5:27 of 3rd period - Shean Donovan wins face-off versus Krys Kolanos in Spitfire zone.
5:27 of 3rd period - Shean Donovan is hit by Krys Kolanos.
5:36 of 3rd period - Off-side.
5:37 of 3rd period - Shean Donovan wins face-off versus Krys Kolanos in neutral zone.
5:40 of 3rd period - Tyler Eckford is hit by Shean Donovan and loses puck.
6:07 of 3rd period - Wrist shot by Brad Isbister.
6:07 of 3rd period - Deflect By Krys Kolanos.
6:07 of 3rd period - Shot Misses the Net.
6:07 of 3rd period - Puck is out of play.
6:08 of 3rd period - Eric Fehr wins face-off versus Patrick O'Sullivan in Spitfire zone.
6:33 of 3rd period - Matt Walker is hit by Boris Valabik and loses puck.
6:41 of 3rd period - Major / Game Misconduct Penalty to Matt Halischuk for Spearing.
6:41 of 3rd period - Matt Halischuk is ejected from game.
6:42 of 3rd period - Brad Isbister wins face-off versus David Krejci in Little Stars zone.
6:49 of 3rd period - David Krejci is hit by Tim Ramholt and loses puck.
7:26 of 3rd period - Penalty to Keaton Ellerby is over, Keaton Ellerby is back on ice.
7:53 of 3rd period - Slapshot by Eric Fehr.
7:53 of 3rd period - Shot Misses the Net.
7:55 of 3rd period - Slapshot by Matt Walker.
7:55 of 3rd period - Shot Misses the Net.
7:57 of 3rd period - Snap shot by Eric Fehr.
7:57 of 3rd period - Goal by Eric Fehr - Spitfire : 2 - Little Stars : 3.
7:58 of 3rd period - David Krejci wins face-off versus Brad Isbister in neutral zone.
8:41 of 3rd period - Martin Samuelsson is hit by Steve MacIntyre and loses puck.
8:57 of 3rd period - Icing by Sergei Kostitsyn.
8:58 of 3rd period - Derick Brassard wins face-off versus Brad Isbister in Spitfire zone.
10:29 of 3rd period - Steve Regier is hit by Kevin Klein and loses puck.
11:41 of 3rd period - Penalty to Matt Halischuk is over, Hugh Jessiman is send on ice.
12:08 of 3rd period - Troy Bodie is hit by Shean Donovan and loses puck.
12:17 of 3rd period - Tim Kennedy is hit by Troy Bodie and loses puck.
13:00 of 3rd period - Krys Kolanos is hit by David Krejci and loses puck.
13:20 of 3rd period - Yanick Lehoux is hit by Kris Beech and loses puck.
13:31 of 3rd period - Patrick O'Sullivan is hit by Denis Shvidki and loses puck.
16:26 of 3rd period - Boris Valabik is hit by Kris Beech and loses puck.
17:43 of 3rd period - Troy Bodie is hit by Ryan Callahan and loses puck.
19:08 of 3rd period - Backhand shot by Brad Isbister.
19:08 of 3rd period - Shot Misses the Net.
19:14 of 3rd period - Snap shot by Krys Kolanos.
19:14 of 3rd period - Shot Misses the Net.
19:16 of 3rd period - Slapshot by Matt Pelech.
19:16 of 3rd period - Shot Blocked by Dick Tarnstrom.
19:18 of 3rd period - Wrist shot by Jonathan Blum.
19:18 of 3rd period - Stopped by Marc Denis with a rebound.
19:22 of 3rd period - Snap shot by Krys Kolanos.
19:22 of 3rd period - Stopped by Marc Denis without a rebound.
19:23 of 3rd period - Todd McLellan call a timeout for Spitfire.
19:23 of 3rd period - Krys Kolanos wins face-off versus Kris Beech in Spitfire zone.
19:26 of 3rd period - Wrist shot by Krys Kolanos.
19:26 of 3rd period - Deflect By Brad Isbister.
19:26 of 3rd period - Shot Blocked by Kris Beech.
19:26 of 3rd period - Puck is out of play.
19:27 of 3rd period - Kris Beech wins face-off versus Krys Kolanos in Spitfire zone.
19:34 of 3rd period - Spitfire, Marc Denis is pulled from the net.
19:38 of 3rd period - Wrist shot by Ryan Callahan.
19:38 of 3rd period - Stopped by Alex Auld without a rebound.
19:39 of 3rd period - Kris Beech wins face-off versus Krys Kolanos in Little Stars zone.
19:42 of 3rd period - Snap shot by Kevin Klein.
19:42 of 3rd period - Shot Blocked by Boris Valabik.
19:44 of 3rd period - Slapshot by Ryan Callahan.
19:44 of 3rd period - Shot Misses the Net.
19:46 of 3rd period - Wrist shot by Kevin Klein.
19:46 of 3rd period - Shot Misses the Net.
19:48 of 3rd period - Slapshot by Ryan Callahan.
19:48 of 3rd period - Deflect By Kris Beech.
19:48 of 3rd period - Stopped by Alex Auld with a rebound.
19:50 of 3rd period - Snap shot by Paul Bissonnette.
19:50 of 3rd period - Shot Misses the Net.
19:56 of 3rd period - Snap shot by Ryan Callahan.
19:56 of 3rd period - Shot Misses the Net.
19:58 of 3rd period - Snap shot by Kris Beech.
19:58 of 3rd period - Goal by Kris Beech - Spitfire : 3 - Little Stars : 3.
19:58 of 3rd period - Marc Denis from Spitfire was sent back in the game.
19:59 of 3rd period - Nathan Gerbe wins face-off versus Kris Beech in neutral zone.

Overtime #1


0:01 of 1st overtime period - Derick Brassard wins face-off versus Brad Isbister in neutral zone.
0:04 of 1st overtime period - Slapshot by Kevin Klein.
0:04 of 1st overtime period - Shot Misses the Net.
0:06 of 1st overtime period - Slapshot by Dick Tarnstrom.
0:06 of 1st overtime period - Stopped by Alex Auld with a rebound.
0:08 of 1st overtime period - Snap shot by Eric Fehr.
0:08 of 1st overtime period - Shot Blocked by Brad Isbister.
0:10 of 1st overtime period - Backhand shot by Kevin Klein.
0:10 of 1st overtime period - Shot Blocked by Tim Ramholt.
0:12 of 1st overtime period - Wrist shot by Eric Fehr.
0:12 of 1st overtime period - Goal by Eric Fehr - Spitfire : 4 - Little Stars : 3.


Output by the SimonT Hockey Simulator (STHS) for François Prévost -- Original Page W3C XHTML 1.0 Valid
Hockey Simulator - Hockey Simulation - Hockey Manager